 Dungeon Crawl Stone Soup version 0.29.0-4-gdea44cf6ec (webtiles) character file.

Game seed: 8245809174900073162

18 qw the Sneak (level 2, -7/19 HPs)
             Began as a Gargoyle Delver on Sept 10, 2022.
             Mangled by a steam dragon (8 damage)
             ... on level 3 of the Dungeon.
             The game lasted 00:00:08 (759 turns).

qw the Sneak (Gargoyle Delver)                       Turns: 759, Time: 00:00:08

Health: -7/19      AC: 10    Str: 15    XL:     2   Next: 70%
Magic:  2/2        EV:  6    Int: 10    God:
Gold:   11         SH:  0    Dex: 11    Spells: 1/1 levels left

rFire   . . .      SeeInvis .   Y - +0 hand axe
rCold   . . .      Faith    .   (no shield)
rNeg    + . .      Spirit   .   l - +0 chain mail
rPois   inf        Reflect  .   (no helmet)
rElec   +          Harm     .   (no cloak)
rCorr   .          Rampage  .   (no gloves)
Will    .....                   (no boots)
Stlth   ..........              (no amulet)
HPRegen 0.06/turn               (no ring)
MPRegen 0.08/turn               (no ring)

@: no status effects
A: sickness immunity, AC +2, negative energy resistance 1, electricity
resistance, torment resistance 1, petrification resistance
a: no special abilities


You were on level 3 of the Dungeon.
You visited 1 branch of the dungeon, and saw 3 of its levels.

You collected 11 gold pieces.


Innate Abilities, Weirdness & Mutations

You are immune to sickness and miasma.
Your stone body is resilient. (AC +2)
You are immune to poison.
You resist negative energy. (rN+)
You are resistant to electric shocks. (rElec)
You are resistant to unholy torment.
You are immune to petrification.


   Skills:
 - Level 3.2 Fighting
 - Level 2.8 Axes
 + Level 0.3 Armour
 - Level 1.5 Dodging
 - Level 5.4 Stealth


You had one spell level left.
You didn't know any spells.
Your spell library was empty.

Inventory:

Hand Weapons
 k - a +0 club
 Y - a +0 hand axe (weapon)
Armour
 l - a +0 chain mail (worn)
Wands
 g - a wand of digging (3)
Potions
 f - a potion of haste
 h - a potion of flight {unknown}

Dungeon Overview and Level Annotations

Branches:
Dungeon (5/15)
 Temple: D:4-7

Altars:


Message History

You kill the kobold!
Things that are here:
a +0 dagger; a kobold corpse
Found a stone staircase leading up.
Enter note:
(D) Dungeon
Where to? (* - list waypoints, Enter - D:4, ? - help)
What level of the Dungeon? (default 1, ? - help)
There is a stone staircase leading up here.
You climb upwards.
Found 11 gold pieces.
There is a stone staircase leading down here.
Existing waypoints: (1) D:4 (2) D:5 Assign waypoint to what number? (0-9, D - delete waypoint) Waypoint 2 re-assigned from D:5 to D:3.
You now have 11 gold pieces.
A kobold comes into view. It is wielding a +0 whip.
The kobold shouts!
A steam dragon comes into view.
751 ||| Stepping ~*~*~tactically~*~*~ (stealth).
Found 20 gold pieces.
You miss the kobold. The kobold hits you but does no damage.
The steam dragon hisses angrily.
You hit the kobold.
You kill the kobold!
The steam dragon bites you.
The steam dragon claws you but does no damage.
You hit the steam dragon but do no damage.
The steam dragon bites you.
The steam dragon claws you but does no damage.
You hit the steam dragon.
The steam dragon is lightly wounded.
The steam dragon bites you!
The steam dragon claws you but does no damage.
You closely miss the steam dragon.
The steam dragon is lightly wounded.
The steam dragon bites you!
You die...

#..#. ...#.##
......######
D..........#
...........# #
#.........#
#..#. #......#
#.....#.)..>.#
#.....D@.#####
##.#..##..$.....
.... ...#####.
#### ###.# $.
..# ..# ...


You could see a steam dragon.

Vanquished Creatures
  A shadow imp (D:5)
  4 orcs (D:5)
  2 kobolds
7 creatures vanquished.

Notes
Turn   | Place    | Note
-------+----------+-------------------------------------------
     0 | D:5      | qw the Gargoyle Delver began the quest for the Orb.
     0 | D:5      | Reached XP level 1. HP: 14/14 MP: 1/1
     0 | D:5      | 0 ||| qw: Version: 0.1-a-116-g5d60599
     0 | D:5      | 0 ||| qw: Game counter: 9315
     0 | D:5      | 0 ||| qw: Always use a shield: true
     0 | D:5      | 0 ||| qw: God list: Okawaru
     0 | D:5      | 0 ||| qw: Allow faded altars: false
     0 | D:5      | 0 ||| qw: Do Orc after D:15 true
     0 | D:5      | 0 ||| qw: Do second Lair branch before Depths: true
     0 | D:5      | 0 ||| qw: Lair rune preference: random
     0 | D:5      | 0 ||| qw: Plans: Normal
     0 | D:5      | 0 ||| PLANNING D:1-11
    26 | D:5      | 26 ||| Stepping ~*~*~tactically~*~*~ (hiding).
   128 | D:5      | 128 ||| Stepping ~*~*~tactically~*~*~ (hiding).
   230 | D:5      | 230 ||| Stepping ~*~*~tactically~*~*~ (hiding).
   335 | D:5      | Reached XP level 2. HP: 19/19 MP: 2/2
   397 | D:5      | 397 ||| Stepping ~*~*~tactically~*~*~ (stealth).
   399 | D:5      | 399 ||| Stepping ~*~*~tactically~*~*~ (stealth).
   408 | D:5      | HP: 4/19 [orc/+0 club (2)]
   672 | D:5      | 672 ||| UPGRADING to +0 scale mail.
   682 | D:5      | 682 ||| DROPPING +0 leather armour.
   683 | D:5      | 683 ||| UPGRADING to +0 chain mail.
   693 | D:5      | 693 ||| DROPPING +0 scale mail.
   694 | D:5      | 694 ||| READING scroll labelled QAL XIGITAIN.
   695 | D:5      | 695 ||| DROPPING scroll of fog.
   696 | D:5      | 696 ||| DROPPING scroll of magic mapping.
   697 | D:5      | 697 ||| DROPPING scroll of fear.
   705 | D:4      | Noticed a scorpion
   750 | D:3      | Noticed a steam dragon
   751 | D:3      | 751 ||| Stepping ~*~*~tactically~*~*~ (stealth).
   758 | D:3      | HP: 1/19 [steam dragon (9)]
   759 | D:3      | Mangled by a steam dragon

Levels and vault maps discovered:
D:3:      layout_loops_cross, grunt_decor_resistance
D:4:      layout_loops_corners, serial_co_window_serial, co_window_paths_a,
          co_window_of_opportunity_a, co_window_of_opportunity_a,
          co_window_paths_b, co_window_of_opportunity_a, co_window_paths_c,
          co_window_corner_cb, co_window_2corner, co_window_2corner,
          glass_columns_c, glass_columns_c, glass_columns_b, uniq_menkaure,
          uniq_crazy_yiuf_cottage
D:5:      layout_loops_ring

Skill      XL: |  1 |
---------------+----+-----
Axes           | 2 |  2.8
Fighting       | |  3.2
Armour         | |  0.3
Dodging        | |  1.5
Stealth        | |  5.4

Action                   || total
-------------------------++-------
Melee: Hand axe          ||    20
       Punch             ||     1
  Use: Scroll            ||     1
Armor: Leather armour    ||     5
       Chain mail        ||     4
Dodge: Dodged            ||     5

Table legend:
 A = Non-vault XP
 B = Vault XP
 C = Vault XP percentage of total XP
 D = Non-vault monster count
 E = Vault monster count
 F = Vault count percentage of total count
                 A         B        C        D         E       F
            +---------+---------+-------+---------+---------+-------
      Total |      27 |       0 |   0.0 |       7 |       0 |   0.0
            +---------+---------+-------+---------+---------+-------
        D:3 |       1 |       0 |   0.0 |       1 |       0 |   0.0
        D:4 |       2 |       0 |   0.0 |       1 |       0 |   0.0
        D:5 |      24 |       0 |   0.0 |       5 |       0 |   0.0
            +---------+---------+-------+---------+---------+-------
